 Dungeon Crawl Stone Soup version 0.26.1-11-gd32895ea62 (webtiles) character file.

Game seed: 11861523330396801456

221106 Gerhazo the Devastator (level 18, -13/156 HPs)
             Began as a Green Draconian Conjurer on June 4, 2021.
             Was the Champion of Vehumet.
             Collided with a rock wall (20 damage)
             ... caused by Bai Suzhen
             ... on level 4 of the Snake Pit.
             The game lasted 02:03:28 (44458 turns).

Gerhazo the Devastator (Green Draconian Conjurer)  Turns: 44458, Time: 02:03:29

Health: -13/156    AC: 22    Str: 15    XL:     18   Next: 49%
Magic:  13/34      EV: 16    Int: 37    God:    Vehumet [******]
Gold:   3313       SH:  6    Dex:  8    Spells: 7/41 levels left

rFire    + + .     SeeInvis .   Z - staff of fire
rCold    + + .     Faith    .   O - +2 buckler
rNeg     . . .     Spirit   .   (armour unavailable)
rPois    +         Reflect  .   (helmet restricted)
rElec    .         Harm     .   S - +2 cloak
rCorr    .         Rampage  .   K - +3 pair of gloves of the Old World {Str+6 Dex-2}
Will     ++...                  h - +0 pair of boots
Stlth    +.........             N - amulet of magic regeneration
HPRegen  0.36/turn              x - ring "Doskug" {rC++ Int+6}
MPRegen  0.49/turn              I - ring "Cusiwot" {rF+ Will+ AC+4 Int+4}

@: no status effects
A: breathe noxious fumes, unfitting armour, stinger 1, poison resistance,
cold-blooded, AC +10
}: 1/15 runes: barnacled
a: Breathe Noxious Fumes, Renounce Religion


You were on level 4 of the Snake Pit.
You worshipped Vehumet.
Vehumet was exalted by your worship.
You visited 6 branches of the dungeon, and saw 32 of its levels.
You also visited: Sewer, Ice Cave and Volcano.

You collected 3550 gold pieces.
You spent 237 gold pieces at shops.

Inventory:

Armour
 h - a +0 pair of boots (worn)
 K - the +3 pair of gloves of the Old World (worn) {Str+6 Dex-2}
   (You bought it in a shop on level 2 of the Orcish Mines)

   It affects your strength (+6).
   It affects your dexterity (-2).
 O - a +2 buckler (worn)
 S - a +2 cloak (worn)
Magical Staves
 Z - an uncursed staff of fire (weapon)
Jewellery
 i - the ring "Jaggejok" {Wiz *Corrode +Blink rF+ Int+7}
   (You took it off a frost giant in an ice cave)

   [ring of wizardry]

   It improves your spell success rate.
   It affects your intelligence (+7).
   It protects you from fire.
   It lets you blink.
   It may corrode you when you take damage.
 v - an uncursed ring of flight
 x - the ring "Doskug" (left hand) {rC++ Int+6}
   (You took it off an orc on level 13 of the Dungeon)

   [ring of intelligence]

   It affects your intelligence (+6).
   It greatly protects you from cold.
 I - the ring "Cusiwot" (right hand) {rF+ Will+ AC+4 Int+4}
   (You found it on level 9 of the Dungeon)

   [ring of protection]

   It affects your AC (+4).
   It affects your intelligence (+4).
   It protects you from fire.
   It affects your willpower, your defense against some magical effects.
 N - an amulet of magic regeneration (around neck)
 Q - an uncursed ring of see invisible
 R - an uncursed ring of resist corrosion
Wands
 t - a wand of enslavement (31)
 u - a wand of disintegration (37)
 y - a wand of digging (39)
 D - a wand of paralysis (47)
Scrolls
 a - 15 scrolls of remove curse
 e - 9 scrolls of fear
 k - 7 scrolls of blinking
 l - 18 scrolls of teleportation
 o - 2 scrolls of magic mapping
 p - 9 scrolls of immolation
 s - a scroll of identify
 A - 4 scrolls of fog
 B - 2 scrolls of brand weapon
 C - 5 scrolls of enchant weapon
 J - a scroll of summoning
 L - 2 scrolls of torment
 M - 3 scrolls of vulnerability
 P - 6 scrolls of enchant armour
 X - 3 scrolls of amnesia
 Y - a scroll of holy word
Potions
 b - 3 potions of brilliance
 c - 5 potions of haste
 d - 7 potions of lignification
 f - 2 potions of cancellation
 g - 5 potions of magic
 j - 11 potions of heal wounds
 m - 9 potions of might
 n - 3 potions of attraction
 q - 5 potions of berserk rage
 r - a potion of invisibility
 w - 3 potions of flight
 z - 13 potions of curing
 G - a potion of mutation
 T - 2 potions of ambrosia
 W - 2 potions of resistance
Miscellaneous
 E - a condenser vane
 F - a phial of floods
 H - a tin of tremorstones (2/2)
 U - a box of beasts


   Skills:
 + Level 12.8 Fighting
 + Level 11.1 Dodging
 - Level 1.7 Stealth
 - Level 4.0 Shields
 + Level 12.3 Spellcasting
 * Level 18.0 Conjurations
 - Level 8.0 Summonings
 * Level 16.9 Fire Magic
 - Level 2.1 Evocations


You had 7 spell levels left.
You knew the following spells:

 Your Spells              Type           Power        Failure   Level
a - Ignition              Fire           61%          3%          8
b - Searing Ray           Conj           100%         0%          2
c - Magic Dart            Conj           100%         0%          1
d - Iskenderun's Mystic   Conj/Tloc      74%          1%          4
e - Fireball              Conj/Fire      61%          1%          5
f - Orb of Destruction    Conj           51%          1%          7
g - Spellforged Servitor  Conj/Summ      44%          1%          7

Your spell library contained the following spells:

 Spells                   Type           Power        Failure   Level
 Fire Storm               Conj/Fire      61%          32%         9
 Lehudib's Crystal Spear  Conj/Erth      37%          54%         8
 Tornado                  Air            11%          100%        9
 Conjure Flame            Conj/Fire      100%         0%          3
 Animate Skeleton         Necr           44%          1%          1
 Apportation              Tloc           44%          1%          1
 Corona                   Hex            24%          1%          1
 Freeze                   Ice            88%          1%          1
 Pain                     Necr           88%          1%          1
 Shock                    Conj/Air       100%         1%          1
 Summon Small Mammal      Summ           100%         1%          1
 Call Imp                 Summ           70%          1%          2
 Call Canine Familiar     Summ           70%          1%          3
 Dazzling Flash           Conj/Hex       100%         1%          3
 Frozen Ramparts          Ice            44%          1%          3
 Ignite Poison            Fire/Tmut/Pois 77%          1%          3
 Mephitic Cloud           Conj/Pois/Air  61%          1%          3
 Summon Guardian Golem    Hex/Summ       51%          1%          3
 Fulminant Prism          Conj/Hex       37%          1%          4
 Bolt of Magma            Conj/Fire/Erth 52%          1%          5
 Irradiate                Conj/Tmut      37%          1%          5
 Iskenderun's Battlesphe  Conj           100%         1%          5
 Conjure Ball Lightning   Conj/Air       37%          1%          6
 Iron Shot                Conj/Erth      37%          1%          6
 Starburst                Conj/Fire      61%          1%          6
 Corpse Rot               Necr/Air       N/A          2%          2
 Ensorcelled Hibernation  Hex/Ice        44%          2%          2
 Poisonous Vapours        Pois/Air       44%          2%          2
 Sublimation of Blood     Necr           11%          2%          2
 Summon Ice Beast         Ice/Summ       51%          3%          4
 Summon Lightning Spire   Summ/Air       51%          3%          4
 Confusing Touch          Hex            22%          4%          3
 Ozocubu's Armour         Ice            22%          4%          3
 Tukima's Dance           Hex            22%          4%          3
 Freezing Cloud           Conj/Ice/Air   30%          6%          6
 Animate Dead             Necr           11%          17%         4
 Dispel Undead            Necr           22%          17%         4
 Leda's Liquefaction      Hex/Erth       11%          17%         4
 Petrify                  Tmut/Erth      22%          17%         4
 Agony                    Necr           22%          43%         5
 Alistair's Intoxication  Tmut/Pois      14%          43%         5
 Excruciating Wounds      Necr           11%          43%         5
 Monstrous Menagerie      Summ           35%          47%         7
 Summon Greater Demon     Summ           35%          47%         7
 Eringya's Noxious Bog    Tmut/Pois      11%          52%         6
 Hydra Form               Tmut           11%          95%         6
 Statue Form              Tmut/Erth      14%          95%         6
 Malign Gateway           Summ/Tloc      25%          95%         7
 Dragon Form              Tmut           11%          100%        7
 Summon Horrible Things   Summ           35%          99%         8
 Shatter                  Erth           11%          100%        9


Dungeon Overview and Level Annotations

Branches:
Dungeon (15/15)            Temple (1/1) D:5            Lair (6/6) D:11
 Shoals (4/4) Lair:2        Snake (4/4) Lair:4        Slime (0/5) Lair:6
    Orc (2/2) D:11            Elf (0/3) Orc:2        Vaults (0/5) D:13
 Depths (0/5) D:15          Sewer (visited)           IceCv (visited)
Volcano (visited)

Altars:
Ashenzari
Cheibriados
Dithmenos
Elyvilon
Fedhas
Gozag
Hepliaklqana
Kikubaaqudgha
Makhleb
Nemelex Xobeh
Okawaru
Qazlal
Ru
Sif Muna
Uskayaw
Vehumet
Wu Jian
Xom
Yredelemnul
Zin
The Shining One

Shops:
D:6 *   D:10 *   D:12 *   Orc:2 *[[(   Shoals:1 *   Snake:2 :

Portals:
Trove: D:14 (give +6 demon trident)

Annotations:
Snake:4 Bai Suzhen


Innate Abilities, Weirdness & Mutations

You can breathe blasts of noxious fumes.
Your lurid green scales are hard. (AC +10)
You cannot fit into any form of body armour.
Your tail ends in a poisonous barb.
Your system is resistant to poisons. (rPois)
You are cold-blooded and may be slowed by cold attacks.


Message History

The shock serpent's electric aura discharges, shocking you!
The shock serpent shoots out a bolt of lightning at you!
The bolt of electricity hits Bai Suzhen but does no damage.
The bolt of electricity hits you! Bai Suzhen breathes water at you.
The torrent of water hits you!!
You are knocked back by the torrent of water.
Splash!
The wave splashes down.
You hear an angry hiss. x2; You hear a shout!
You hear an angry hiss.
Bai Suzhen breathes water at you. The torrent of water misses you.
The wave splashes down.
You hear an angry hiss. x6
Found a shimmering blue altar of Sif Muna.
Bai Suzhen breathes water at you. The torrent of water hits you!!!
* * * LOW HITPOINT WARNING * * *
You are knocked back by the torrent of water.
You slam into the rock wall!
You die...

#..N.[§# #...[!§#
#N.[SN§# #. #.[÷.)) ^.
#.)[)# #...)# N.
###..NN#################
#.
.....)†SN§§≈D§...≈≈≈....
###...N#########@####..
#..§§# #......# .
#.N.##### #......# #.
##.##...## #.$._...# ..
..§.)N... ..........
##.§....# #...........
#<..# #...#.#...#. #...#
#### .....# #####


You could see Bai Suzhen (clouds, catching breath).

Vanquished Creatures
  Saint Roka (Snake:4)
  Rupert (Orc:2)
  Kirke (Snake:2)
  A storm dragon (D:14)
  A fire giant (D:14)
  A frost giant (IceCv)
  The ghost of Mesuenwa the Eclecticist, an adept DEWz of Sif Muna (Snake:3)
  A stone giant (D:14)
  7 merfolk javelineers
  2 ettins (D:14)
  3 fire dragons
  An ogre mage (D:15)
  8 merfolk impalers
  A yaktaur captain (D:14)
  A boulder beetle (Lair:6)
  Harold (Orc:1)
  4 catoblepae
  6 naga warriors
  A vault guard (D:13)
  5 anacondas
  10 hydras
  Erica (D:8)
  5 centaur warriors
  15 two-headed ogres
  A satyr (Shoals:2)
  5 merfolk aquamancers
  A tengu warrior (D:10)
  2 deep troll earth magi (D:14)
  2 alligator snapping turtles (Shoals:4)
  A hell hog (Volcano)
  3 orc high priests (Orc:2)
  A death yak (IceCv)
  9 naga sharpshooters
  4 shock serpents
  A fire crab (Volcano)
  2 unseen horrors
  3 salamander mystics (Snake:3)
  A death drake (shapeshifter) (D:14)
  10 sea snakes
  5 naga ritualists
  3 lindwurms (Lair:6)
  Pikel (D:7)
  A swamp dragon (Lair:6)
  4 orc knights (Orc:2)
  The ghost of mahan the Cleaver, a novice HOFi (D:4)
  3 wizards (D:13)
  5 orc sorcerers (Orc:2)
  A wolf spider zombie (D:13)
  13 harpies
  18 fauns
  2 cyclopes (shapeshifter) (D:14)
  6 mana vipers
  The ghost of dreux the Spear-Bearer, a novice MfVM of Wu Jian (D:7)
  A shining eye (shapeshifter) (D:15)
  11 manticores
  5 cyclopes
  3 salamanders
  8 ugly things
  7 elephants
  8 naga magi
  3 centaur zombies
  7 merfolk sirens
  9 water nymphs
  3 gargoyles
  Joseph (D:8)
  28 black mambas
  An ice statue (IceCv)
  2 torpor snails
  12 cane toads
  Psyche (D:8)
  A cane toad (shapeshifter) (D:13)
  3 rime drakes
  3 centaur skeletons
  3 kobold demonologists (D:11)
  2 ice devils (D:13)
  2 freezing wraiths
  A redback zombie (D:15)
  A tengu conjurer (D:14)
  13 komodo dragons
  A tyrant leech (Lair:5)
  5 wind drakes
  17 polar bears (IceCv)
  A troll (shapeshifter) (D:14)
  6 trolls
  13 merfolk
  7 hornets
  2 nameless horrors
  15 blink frogs
  7 snapping turtles
  2 dream sheep (Shoals:1)
  5 slime creatures (D:15)
  A tarantella (shapeshifter) (D:15)
  Eustachio (D:4)
  4 wyverns
  2 vampires
  4 wraiths
  21 humans (D:13)
  5 water elementals
  2 shadows
  72 yaks
  5 basilisks
  7 hogs (Snake:2)
  4 steam dragons
  13 vampire mosquitoes
  6 wargs
  20 nagas
  2 swamp worms (Lair:5)
  3 acid dragons
  2 hell hounds (Volcano)
  15 water moccasins
  4 swamp drakes (Lair:6)
  17 orc warriors
  A swamp drake (shapeshifter) (D:15)
  2 ice beasts
  2 black bears (D:7)
  An eye of draining (D:10)
  3 phantoms
  5 sky beasts
  An eye of draining (shapeshifter) (D:14)
  18 ogres
  27 wolves
  14 centaurs
  A tengu (shapeshifter) (D:15)
  4 lemures (D:7)
  3 big kobolds
  22 bullfrogs
  2 scorpions
  A wyvern skeleton (D:14)
  A water moccasin zombie (D:9)
  3 killer bees (D:13)
  16 wights
  7 electric eels
  3 howler monkeys
  A bullfrog zombie (D:9)
  5 jellies
  4 bullfrog skeletons
  5 hounds
  13 orc priests
  9 iguanas
  Jessica (D:3)
  2 hell rats (Lair:1)
  19 orc wizards
  Ijyb (D:4)
  11 worker ants
  Natasha (thrice) (D:3)
  A centaur simulacrum (D:10)
  3 hound zombies
  A hound skeleton (D:7)
  A howler monkey skeleton (D:8)
  8 gnolls
  13 adders
  9 river rats (Lair:1)
  3 shadow imps
  2 white imps
  4 ufetubi
  7 oozes
  An adder skeleton (D:7)
  2 dart slugs
  2 leopard geckos
  69 orcs
  2 ball pythons
  4 bats
  9 giant cockroaches
  10 goblins
  8 hobgoblins
  8 jackals
  14 kobolds
  3 quokkas
  A ball python skeleton (D:4)
  9 frilled lizards
  A quokka skeleton (D:7)
  6 rats
  A butterfly (Lair:4)
1032 creatures vanquished.

Vanquished Creatures (collateral kills)
  Vashnia (Snake:2)
  Ilsuiw (Shoals:4)
  Aizul (Snake:3)
  A merfolk impaler (Shoals:1)
  4 naga warriors
  An anaconda (Snake:3)
  A satyr (Shoals:3)
  2 naga sharpshooters
  2 shock serpents
  A dancing weapon (Snake:3)
  A salamander mystic (Snake:2)
  5 sea snakes
  3 harpies
  A naga ritualist (Snake:2)
  3 mana vipers
  7 salamanders
  A faun (Shoals:2)
  3 manticores
  2 merfolk sirens
  A naga mage (Snake:4)
  11 black mambas
  A water nymph (Shoals:3)
  5 merfolk
  3 wind drakes
  3 snapping turtles
  A water elemental (Shoals:2)
  4 nagas
70 creatures vanquished.

Vanquished Creatures (others)
  A naga ritualist (Snake:2)
  2 elephants (Lair:6)
  A human (D:9)
  2 wolves (IceCv)
  26 fungi
  196 plants
228 creatures vanquished.

Grand Total: 1330 creatures vanquished

Notes
Turn   | Place    | Note
-------+----------+-------------------------------------------
     0 | D:1      | Gerhazo the Draconian Conjurer began the quest for the Orb.
     0 | D:1      | Reached XP level 1. HP: 14/14 MP: 3/3
   462 | D:1      | Reached XP level 2. HP: 20/20 MP: 3/5
  1391 | D:1      | Learned a level 2 spell: Searing Ray
  1553 | D:2      | Found a white marble altar of Elyvilon.
  1638 | D:2      | Reached XP level 3. HP: 26/26 MP: 2/6
  1810 | D:4      | Found a glowing drain.
  1879 | Sewer    | Entered a sewer
  1982 | Sewer    | Reached skill level 5 in Conjurations
  2068 | Sewer    | Noticed Purgy
  2562 | D:4      | Noticed mahan's ghost (novice HOFi)
  2563 | D:4      | Found a runed translucent door.
  2570 | D:4      | Reached XP level 4. HP: 33/33 MP: 4/8
  2816 | D:4      | Noticed an ogre
  2821 | D:4      | Killed an ogre
  2822 | D:4      | Reached XP level 5. HP: 16/38 MP: 3/9
  3025 | D:4      | Noticed Ijyb
  3081 | D:4      | Found a basalt altar of Yredelemnul.
  3081 | D:4      | Found a radiant altar of Vehumet.
  3085 | D:4      | Became a worshipper of Vehumet
  3409 | D:2      | Found a shimmering altar of Xom.
  3858 | D:3      | Reached skill level 6 in Conjurations
  4323 | D:3      | Noticed Jessica
  4326 | D:3      | Killed Jessica
  4327 | D:3      | Found an ancient bone altar of Kikubaaqudgha.
  4420 | D:3      | Noticed Natasha
  4421 | D:3      | Killed Natasha
  4577 | D:3      | Noticed Natasha
  4581 | D:3      | Killed Natasha
  4582 | D:3      | Reached XP level 6. HP: 38/45 MP: 5/11
  4895 | D:3      | Noticed Natasha
  4900 | D:3      | Killed Natasha
  5299 | D:4      | Noticed Eustachio
  5306 | D:4      | Killed Eustachio
  5307 | D:4      | Reached skill level 7 in Conjurations
  5386 | D:4      | Killed Ijyb
  5387 | D:4      | Your scales start taking on a lurid green colour.
  5387 | D:4      | Reached XP level 7. HP: 50/50 MP: 5/13
  5387 | D:4      | Gained mutation: Your system is resistant to poisons.
                  | (rPois) [Green Draconian growth]
  5658 | D:5      | Entered Level 5 of the Dungeon
  5722 | D:5      | Learned a level 4 spell: Iskenderun's Mystic Blast
  5749 | D:5      | Found a shadowy altar of Dithmenos.
  5795 | D:5      | Reached skill level 1 in Fire Magic
  6008 | D:5      | Found a staircase to the Ecumenical Temple.
  6014 | Temple   | Entered the Ecumenical Temple
  6124 | D:5      | Found a sparkling altar of Nemelex Xobeh.
  6304 | D:5      | Found a stormy altar of Qazlal.
  6698 | D:6      | Reached * piety under Vehumet
  6698 | D:6      | Offered knowledge of Sandblast by Vehumet.
  6764 | D:6      | Reached skill level 8 in Conjurations
  7048 | D:6      | Found Gyfroawe's Assorted Antiques.
  7343 | D:6      | Found a burning altar of Makhleb.
  7532 | D:6      | Reached XP level 8. HP: 57/57 MP: 6/15
  7784 | D:7      | Reached skill level 5 in Spellcasting
  8080 | D:7      | Reached skill level 9 in Conjurations
  8080 | D:7      | Reached skill level 5 in Fire Magic
  8331 | D:7      | Reached XP level 9. HP: 56/62 MP: 11/17
  8416 | D:7      | Found a transporter.
  8417 | D:7      | Noticed dreux's ghost (novice MfVM)
  8427 | D:7      | Found a transporter.
  8505 | D:7      | Noticed Pikel
  8711 | D:7      | Killed Pikel
  8916 | D:8      | Noticed Psyche
  8922 | D:8      | Killed Psyche
  8923 | D:8      | Reached skill level 1 in Fighting
  9035 | D:8      | Noticed Joseph
  9042 | D:8      | Killed Joseph
  9043 | D:8      | Reached skill level 10 in Conjurations
  9796 | D:8      | Found a shimmering blue altar of Sif Muna.
  9812 | D:8      | Identified Sif Muna's Compendium of the Glacier
  9849 | D:8      | Noticed Erica
  9902 | D:8      | Killed Erica
  9903 | D:8      | Reached XP level 10. HP: 52/75 MP: 9/19
 10187 | D:9      | Reached ** piety under Vehumet
 10215 | D:9      | Offered knowledge of Foxfire by Vehumet.
 10335 | D:9      | Found a hide-covered altar of Uskayaw.
 10364 | D:9      | Found an ancient bone altar of Kikubaaqudgha.
 10693 | D:9      | Got a sparkling copper ring
 10697 | D:9      | Identified the ring "Cusiwot" {rF+ Will+ AC+4 Int+4} (You
                  | found it on level 9 of the Dungeon)
 10728 | D:10     | Entered Level 10 of the Dungeon
 11300 | D:10     | Noticed a tengu warrior
 11312 | D:10     | Found a transporter.
 11313 | D:10     | Noticed a two-headed ogre
 11313 | D:10     | Noticed a gargoyle
 11335 | D:10     | Found a transporter.
 11369 | D:10     | Found Rurot's General Store.
 11382 | D:10     | Noticed a gargoyle
 11898 | D:10     | Offered knowledge of Frozen Ramparts by Vehumet.
 12356 | D:10     | Killed an unseen horror
 12357 | D:10     | Reached skill level 11 in Conjurations
 12659 | D:11     | Noticed a two-headed ogre
 12666 | D:11     | Killed a two-headed ogre
 12711 | D:11     | Noticed a two-headed ogre
 12721 | D:11     | Reached *** piety under Vehumet
 12726 | D:11     | Killed a two-headed ogre
 12727 | D:11     | Reached XP level 11. HP: 50/85 MP: 13/21
 13029 | D:11     | Offered knowledge of Hailstorm by Vehumet.
 13083 | D:11     | Noticed a two-headed ogre
 13093 | D:11     | Killed a two-headed ogre
 13094 | D:11     | Reached skill level 5 in Fighting
 13189 | D:11     | Noticed a two-headed ogre
 13424 | D:11     | Found a staircase to the Orcish Mines.
 13469 | D:11     | Reached **** piety under Vehumet
 13638 | D:11     | Found a staircase to the Lair.
 13762 | D:11     | Noticed a fire dragon
 13767 | D:11     | Killed a two-headed ogre
 14205 | D:11     | Noticed a red ugly thing
 14453 | Lair:1   | Entered Level 1 of the Lair of Beasts
 14599 | Lair:1   | Noticed a four-headed hydra
 14607 | Lair:1   | Killed a four-headed hydra
 14607 | Lair:1   | Offered knowledge of Conjure Flame by Vehumet.
 14616 | Lair:1   | Reached skill level 5 in Dodging
 14635 | Lair:1   | Reached skill level 12 in Conjurations
 14653 | Lair:1   | Found a dark tunnel.
 14760 | Volcano  | Entered a volcano
 14789 | Volcano  | Noticed a fire crab
 14795 | Volcano  | Killed a fire crab
 14850 | Volcano  | Noticed a hell hog
 14851 | Volcano  | Killed a hell hog
 14852 | Volcano  | Reached skill level 10 in Fire Magic
 15828 | Lair:2   | Noticed a six-headed hydra
 16033 | Lair:2   | Reached XP level 12. HP: 95/96 MP: 17/24
 16162 | Lair:2   | Found a staircase to the Shoals.
 16196 | Lair:2   | Reached ***** piety under Vehumet
 16735 | Lair:2   | Noticed a catoblepas
 17220 | Lair:2   | Killed a catoblepas
 17222 | Lair:2   | Offered knowledge of Iskenderun's Battlesphere by Vehumet.
 17238 | Lair:2   | Learned a level 5 spell: Iskenderun's Battlesphere
 17309 | Lair:2   | Killed a five-headed hydra
 17310 | Lair:2   | Reached skill level 1 in Shields
 18032 | Lair:3   | Reached skill level 13 in Conjurations
 18512 | Lair:4   | You fall into a shaft and drop 1 floor!
 18730 | Lair:4   | Found a staircase to the Snake Pit.
 19316 | Lair:4   | Reached XP level 13. HP: 102/105 MP: 4/25
 19913 | Lair:5   | Offered knowledge of Fireball by Vehumet.
 19921 | Lair:5   | Learned a level 5 spell: Fireball
 20352 | Lair:6   | Entered Level 6 of the Lair of Beasts
 20665 | Lair:6   | HP: 2/107 [boulder beetle (45)]
 21255 | Lair:6   | Found a staircase to the Slime Pits.
 21497 | Lair:6   | Reached skill level 14 in Conjurations
 21742 | Lair:6   | Offered knowledge of Bolt of Magma by Vehumet.
 21898 | Lair:6   | Noticed a fire dragon
 21937 | Lair:6   | Killed a fire dragon
 22700 | Lair:6   | Gained mutation: Your tail ends in a poisonous barb. [Green
                  | Draconian growth]
 22700 | Lair:6   | Reached XP level 14. HP: 116/116 MP: 6/27
 23388 | D:4      | Killed mahan's ghost
 23531 | D:7      | Killed dreux's ghost
 23974 | D:10     | Got a heavily runed bronze amulet
 24027 | D:10     | Identified the amulet of Nuge {Faith rElec Dex+4} (You
                  | found it on level 10 of the Dungeon)
 24077 | Orc:1    | Entered Level 1 of the Orcish Mines
 24177 | Orc:1    | Noticed Harold
 24210 | Orc:1    | Killed Harold
 24450 | Orc:2    | Entered Level 2 of the Orcish Mines
 24511 | Orc:2    | Found a staircase to the Elven Halls.
 24841 | Orc:2    | Noticed Rupert
 24851 | Orc:2    | Killed Rupert
 25240 | Orc:2    | Reached skill level 10 in Spellcasting
 25244 | Orc:2    | Reached skill level 15 in Conjurations
 25249 | Orc:2    | Found Lesch's Antique Armour Boutique.
 25249 | Orc:2    | Found Xuacziv's Assorted Antiques.
 25250 | Orc:2    | Found Morowkushe's Antique Weapon Shoppe.
 25250 | Orc:2    | Found Akharum's Antique Armour Shoppe.
 25398 | Orc:2    | Bought a pair of buzzing gloves for 237 gold pieces
 25412 | Orc:2    | Identified the +3 pair of gloves of the Old World {Str+6
                  | Dex-2} (You bought it in a shop on level 2 of the Orcish
                  | Mines)
 25827 | D:11     | Learned a level 8 spell: Ignition
 26883 | D:12     | Found Ippegg's Assorted Antiques.
 27440 | D:13     | Found a broken altar of Ashenzari.
 27499 | D:13     | Reached skill level 10 in Fighting
 27499 | D:13     | Reached XP level 15. HP: 122/126 MP: 18/29
 27538 | D:13     | Offered knowledge of Iron Shot by Vehumet.
 27688 | D:13     | Found a frozen archway.
 27701 | IceCv    | Entered an ice cave
 28609 | IceCv    | Identified the ring "Jaggejok" {Wiz *Corrode +Blink rF+
                  | Int+7}
 28609 | IceCv    | Noticed a frost giant
 28619 | IceCv    | Killed a frost giant
 28790 | IceCv    | Identified the Incunabulum of the Glacier
 29430 | D:13     | Identified the ring "Doskug" {rC++ Int+6}
 29623 | D:13     | Reached skill level 1 in Summonings
 29625 | D:13     | Offered knowledge of Ozocubu's Refrigeration by Vehumet.
 29972 | D:13     | You fall into a shaft and drop 2 floors!
 29972 | D:15     | Entered Level 15 of the Dungeon
 30425 | D:13     | Found a gate to the Vaults.
 31061 | D:14     | Found a portal to a secret trove of treasure.
 31445 | D:14     | Found a huge runed gate.
 31445 | D:14     | Found a huge runed gate.
 31446 | D:14     | Found a huge runed gate.
 31540 | D:14     | Found a huge runed gate.
 31541 | D:14     | Found a huge runed gate.
 31541 | D:14     | Found a huge runed gate.
 31542 | D:14     | Found a huge runed gate.
 31542 | D:14     | Found a huge runed gate.
 31543 | D:14     | Found a huge runed gate.
 31563 | D:14     | Noticed a fire giant
 31563 | D:14     | Noticed a storm dragon
 31564 | D:14     | Reached skill level 16 in Conjurations
 31565 | D:14     | Killed a storm dragon
 31566 | D:14     | Reached XP level 16. HP: 119/136 MP: 23/30
 32267 | D:15     | Reached skill level 5 in Summonings
 32647 | D:15     | Reached skill level 15 in Fire Magic
 33226 | D:15     | Found a staircase to the Depths.
 33445 | Shoals:1 | Entered Level 1 of the Shoals
 33539 | Shoals:1 | Reached ****** piety under Vehumet
 33539 | Shoals:1 | Offered knowledge of Spellforged Servitor by Vehumet.
 33550 | Lair:2   | Learned a level 7 spell: Spellforged Servitor
 33824 | Shoals:1 | Identified Xush's Disquisition on Conjuration
 33977 | Shoals:1 | Found Adureomn's General Store.
 34764 | Shoals:2 | Reached skill level 10 in Dodging
 35502 | Shoals:3 | Offered knowledge of Orb of Destruction by Vehumet.
 36096 | Shoals:3 | Reached XP level 17. HP: 131/145 MP: 17/32
 36111 | Shoals:3 | Learned a level 7 spell: Orb of Destruction
 36364 | Shoals:4 | Entered Level 4 of the Shoals
 36367 | Shoals:4 | Noticed Ilsuiw
 37065 | Shoals:4 | Got a warped dagger
 37066 | Shoals:4 | Identified the +9 dagger "Nixekogo" {drain, rC+ rN+} (You
                  | found it on level 4 of the Shoals)
 37129 | Shoals:4 | Reached skill level 17 in Conjurations
 37141 | Shoals:4 | Got a barnacled rune of Zot
 37305 | Shoals:4 | Killed Ilsuiw
 37881 | Shoals:4 | Identified Osuusch's Volume of Harmful Unholy Secrets
 37885 | Shoals:4 | Got a dazzling demon trident
 37887 | Shoals:4 | Identified the cursed +0 demon trident of the Battered
                  | Things {drain, rN+} (You found it on level 4 of the Shoals)
 38012 | Shoals:4 | Reached skill level 1 in Evocations
 38389 | Snake:1  | Entered Level 1 of the Snake Pit
 38554 | Snake:1  | Got an encrusted hand axe
 38557 | Snake:1  | Identified the cursed +0 hand axe of Rydoneor {vorpal, +Inv
                  | Dex+2 SInv} (You found it on level 1 of the Snake Pit)
 40044 | Snake:2  | You fall into a shaft and drop 1 floor!
 40307 | Snake:2  | Found a transporter.
 40448 | Snake:2  | Offered knowledge of Lehudib's Crystal Spear by Vehumet.
 40448 | Snake:2  | Offered knowledge of Fire Storm by Vehumet.
 40448 | Snake:2  | Offered knowledge of Tornado by Vehumet.
 40895 | Snake:2  | Found Irumn's Book Shoppe.
 41005 | Snake:2  | Noticed Vashnia
 41241 | Snake:2  | Killed Vashnia
 41484 | Snake:2  | Found a transporter.
 41694 | Snake:2  | Noticed Kirke
 41697 | Snake:2  | Killed Kirke
 41698 | Snake:2  | Reached XP level 18. HP: 155/155 MP: 20/34
 41984 | Snake:2  | Got a transparent bone amulet
 41995 | Snake:2  | Identified the amulet of Light {Inacc rPois rF+++ Str-4
                  | Int-4} (You found it on level 2 of the Snake Pit)
 42019 | Snake:2  | Got a fine gossamer ring
 42022 | Snake:2  | Identified the ring of Hifargh {rPois rC++} (You found it
                  | on level 2 of the Snake Pit)
 42114 | Snake:3  | Noticed Aizul
 42122 | Snake:3  | Killed Aizul
 43292 | Snake:3  | Found a shimmering altar of Xom.
 43292 | Snake:3  | Noticed Mesuenwa's ghost (adept DEWz)
 43294 | Snake:3  | Found a runed translucent door.
 44009 | Snake:3  | Killed Mesuenwa's ghost
 44099 | Snake:4  | Entered Level 4 of the Snake Pit
 44100 | Snake:4  | Noticed Saint Roka
 44105 | Snake:4  | Killed Saint Roka
 44106 | Snake:4  | Reached skill level 18 in Conjurations
 44118 | Snake:4  | Noticed Bai Suzhen
 44457 | Snake:4  | Found a shimmering blue altar of Sif Muna.
 44458 | Snake:4  | HP: 7/156 [Bai Suzhen/torrent of water (50)]
 44458 | Snake:4  | Collided with a rock wall

Illustrated notes

Levels and vault maps discovered:
D:1:      dpeg_arrival_another_circle, layout_basic
D:2:      layout_rooms, xom_teletrap_fun, nicolae_overflow_hidden_temple,
          lemuel_round_altar
D:3:      layout_loops_corners, overflow_temple_1_default, uniq_natasha,
          uniq_jessica
D:4:      layout_loops_corners, gammafunk_temple_overflow_elements,
          portal_sewer_entry_f, hellmonk_ghost_happy_afterlife, uniq_ijyb,
          uniq_eustachio
D:5:      layout_loops_ring, nicolae_dithmenos_shadow_blocks,
          nicolae_overflow_crystal_walls, kennysheep_mini_moat,
          minmay_temple_entry_fiery
D:6:      layout_basic, makhleb_heckhound_becter, serial_shops,
          nicolae_shop_waterfront, kennysheep_small_spiral
D:7:      layout_rooms, gammafunk_ghost_mausoleum, uniq_pikel
D:8:      layout_loops_ring, led_sif_book, uniq_joseph, uniq_psyche, uniq_erica
D:9:      layout_small_grid, lemuel_round_altar, tgw_kikubaaqudgha
D:10:     gammafunk_the_bubble [the_bubble_gammafunk_plus_minus], layout_basic,
          serial_shops, nicolae_shop_behind_doors
D:11:     nzn_winding_woodlands_cross [nzn_winding_woodlands_5x15_sawtooth,
          nzn_winding_woodlands_5x15_cabin,
          nzn_winding_woodlands_5x15_concentric,
          nzn_winding_woodlands_5x15_parted,
          nzn_winding_woodlands_15x15_eel_pit], layout_basic, hiddenorc2_lemuel
D:12:     layout_roguey, serial_shops, shop
D:13:     layout_gridville, grunt_vaults_entry_tiered, basic_altar,
          portal_ice_cave_demonic_guard
D:14:     layout_loops_ring, nicolae_trove_entry_isolated, door_vault
D:15:     gammafunk_enter_depths_forms, layout_basic,
          chequers_serial_rivers_micro_b, minmay_tree_intersection,
          bh_walls_and_bars
Temple:   cyrus_temple_forest
Lair:1:   layout_regular_city, nicolae_volcano_entry_hallway,
          cheibrodos_lair_caveside_slide, chequers_serial_rivers_room_b,
          kennysheep_rathole
Lair:2:   layout_cave_pods, elwin_shoals_entry_rocks,
          grunt_forest_small_clearings
Lair:3:   layout_chaotic_city, serial_bayou_shore_b
Lair:4:   layout_gridlike, guppyfry_snake_entry_garden, lemuel_fruit_fields
Lair:5:   layout_long_grid, worms_lemuel, serial_bayou_shore_b,
          infiniplex_staircase_pool_2, serial_bayou_shore_a
Lair:6:   guppyfry_lair_end_dragon, layout_gridlike, hangedman_lair_in_review,
          nicolae_slime_entry_slimehenge
Shoals:1: layout_shoals, serial_shops, shop
Shoals:2: layout_shoals
Shoals:3: layout_shoals
Shoals:4: shoals_end_simple, layout_shoals, shoal_ilsuiw,
          nicolae_shoals_loop_pool
Snake:1:  layout_chambers, serial_bayou_lagoon_a, serial_bayou_ford_a,
          grunt_megastairs_5
Snake:2:  gammafunk_its_a_trap, layout_cave_pods, serial_shops,
          nicolae_shop_trees, uniq_vashnia, uniq_kirke
Snake:3:  layout_honeycomb, ebering_ghost_xom, uniq_aizul
Snake:4:  minmay_snake_end_coiled, layout_misc_corridors, basic_altar,
          st_stairs_11, uniq_bai_suzhen, uniq_saint_roka
Orc:1:    layout_caves, uniq_harold, uniq_erolcha
Orc:2:    st_orc_elflike, layout_caves, uniq_rupert

Skill      XL: |  1  2  3  4  5  6  7  8  9 10 11 12 13 14 15 16 17 18 |
---------------+-------------------------------------------------------+-----
Conjurations   | 5 6 7 8 9 10 11 12 13 14 15 16 17 18 | 18.0
Spellcasting   | 3 4 5 6 7 8 9 10 11 12 | 12.3
Fire Magic     | 3 5 7 8 10 11 12 13 14 15 16 | 16.9
Fighting       | 2 4 6 7 8 10 11 12 | 12.8
Dodging        | 3 4 5 6 7 8 9 10 11 | 11.1
Shields        | 3 4 |  4.0
Summonings     | 4 7 8 |  8.0
Evocations     | 2 |  2.1
Stealth        | |  1.7

Action                   |  1- 3 |  4- 6 |  7- 9 | 10-12 | 13-15 | 16-18 || total
-------------------------+-------+-------+-------+-------+-------+-------++-------
Melee: Unarmed           |    11 |       |       |       |       |       ||    11
       Dagger            |    11 |     4 |       |       |       |       ||    15
       Tailslap          |     2 |     2 |       |     3 |     6 |     1 ||    14
       Club              |       |     1 |       |       |       |       ||     1
       Scimitar          |       |       |       |    13 |       |       ||    13
       Staff             |       |       |       |       |    80 |    19 ||    99
 Cast: Magic Dart        |    33 |       |       |       |     7 |     1 ||    41
       Searing Ray       |    17 |    41 |    65 |   199 |    43 |     5 ||   370
       Iskenderun's Myst |       |       |     1 |    24 |    83 |    20 ||   128
       Iskenderun's Batt |       |       |       |    22 |    89 |    10 ||   121
       Fireball          |       |       |       |       |   322 |   162 ||   484
       Ignition          |       |       |       |       |    15 |    71 ||    86
       Spellforged Servi |       |       |       |       |       |    99 ||    99
       Orb of Destructio |       |       |       |       |       |    93 ||    93
 Abil: Breathe Noxious F |       |       |    18 |    42 |    33 |     4 ||    97
       Evoke Flight      |       |       |     1 |       |     2 |       ||     3
       Stop Flying       |       |       |       |       |     1 |       ||     1
Evoke: Wand              |       |       |       |     3 |       |       ||     3
  Use: Scroll            |       |       |       |     8 |    11 |    15 ||    34
       Potion            |       |       |       |     4 |       |       ||     4
 Stab: Confused          |       |       |       |       |     1 |       ||     1
Armor: Skin              |    31 |     7 |    14 |    76 |    78 |    58 ||   264
Dodge: Dodged            |    41 |    14 |    25 |   119 |   111 |   102 ||   412
Block: Buckler           |       |       |       |       |    51 |    41 ||    92
       Rpst.: Scimitar   |       |       |       |    26 |       |       ||    26
